 Dungeon Crawl Stone Soup version 0.31-a0-702-gf82c85558f (webtiles) character file.

Game seed: 6273905235587195499

219 qw the Shooter (level 5, -4/33 HPs)
             Began as a Gargoyle Hunter on Sept 8, 2023.
             Slain by a wight
             ... wielding a +0 battleaxe
              (5 damage)
             ... on level 4 of the Dungeon.
             The game lasted 00:00:49 (2614 turns).

qw the Shooter (Gargoyle Hunter)                    Turns: 2614, Time: 00:00:50

Health: -4/33      AC: 11    Str: 14    XL:     5   Next: 96%
Magic:  5/5        EV: 11    Int: 10    God:
Gold:   162        SH:  0    Dex: 15    Spells: 4/4 levels left

rFire   . . .        Y - +0 shortbow (elec)
rCold   . . .        (shield currently unavailable)
rNeg    + . .        g - +0 ring mail
rPois   inf          (no helmet)
rElec   +            (no cloak)
rCorr   .            j - +1 pair of gloves
SInv    .            (no boots)
Will    .....        (no amulet)
Stlth   +            (no ring)
HPRegen 0.25/turn    (no ring)
MPRegen 0.09/turn

%: no passive effects
@: no status effects
A: sickness immunity, AC +4, negative energy resistance 1, electricity
resistance, torment resistance 1, petrification resistance
a: no special abilities


You were on level 4 of the Dungeon.
You visited 1 branch of the dungeon, and saw 4 of its levels.

You collected 162 gold pieces.


Innate Abilities, Weirdness & Mutations

You are immune to sickness and miasma.
Your stone body is resilient. (AC +4)
You are immune to poison.
You resist negative energy. (rN+)
You are resistant to electric shocks. (rElec)
You are resistant to unholy torment.
You are immune to petrification.


   Skills:
 + Level 3.9 Fighting
 - Level 6.0 Ranged Weapons
 - Level 1.7 Armour
 - Level 1.5 Dodging
 - Level 1.1 Stealth


You had 4 spell levels left.
You didn't know any spells.
Your spell library was empty.

Inventory:

Hand Weapons
 Y - a +0 shortbow of electrocution (weapon)
Armour
 g - a +0 ring mail (worn)
 j - a +1 pair of gloves (worn)
Scrolls
 a - a scroll of identify {unknown}
Potions
 b - a potion of attraction {unknown}
 c - a potion of curing {unknown}
 f - a potion of might {unknown}

Dungeon Overview and Level Annotations

Branches:
Dungeon (4/15)
 Temple: D:4-7

Altars:
Qazlal

Annotations:
D:4 1 transporter, qw's ghost, amateur GrHu


Message History

You shoot an arrow. The arrow hits the wight.
The wight is moderately damaged.
You shoot an arrow. The arrow barely misses the wight.
You shoot an arrow. The arrow closely misses the wight.
You shoot an arrow. The arrow barely misses the wight.
You shoot an arrow. The arrow hits the wight.
The wight is moderately damaged.
You shoot an arrow. The arrow closely misses the wight.
The wight closely misses you.
A goblin comes into view. It is wielding a +0 club.
You shoot an arrow. The arrow barely misses the wight.
The arrow hits the goblin.
You kill the goblin!
The wight hits you with a +0 long sword.
A wight comes into view. It is wielding a +0 battleaxe.
The wight closely misses you.
You shoot an arrow. The arrow barely misses the wight.
The arrow hits the wight but does no damage.
The wight closely misses you.
You shoot an arrow. The arrow barely misses the wight.
The arrow hits the wight.
The wight is lightly damaged.
The wight hits you with a +0 long sword!
You shoot an arrow. The arrow hits the wight.
The wight is heavily damaged.
The wight hits you but does no damage.
You shoot an arrow.
The arrow hits the wight but does no damage.
The wight is heavily damaged.
You shoot an arrow. The arrow closely misses the wight.
The wight hits you with a +0 long sword.
The wight closely misses you. The wight barely misses you.
The wight hits you with a +0 long sword.
You shoot an arrow.
The arrow hits the wight but does no damage.
The wight is heavily damaged.
The wight hits you with a +0 long sword.
The wight hits you with a +0 battleaxe!
You shoot an arrow. The arrow barely misses the wight.
The wight barely misses you. The wight hits you with a +0 battleaxe.
You die...

##### #
###...############.
+..................
###.#.).####....#..
##..<#.##...#.....
#....#.##.#.##....
#....#.##.##....#.
#@...#.##.........
!.....zz...+.#####..####
......#....### #......
....).##+#.# #.#####
....# .# #.....# .... ..
#.##... .). .# #.##...
.. ####... ####...


You could see 2 wights.

Vanquished Creatures
  2 wights (D:4)
  5 adders
  2 worms (D:2)
  2 dart slugs
  An orc (D:3)
  9 endoplasms
  7 goblins
  4 hobgoblins
  8 kobolds
  4 quokkas
  5 ball pythons
  2 bats
  A frilled lizard (D:1)
  5 rats
57 creatures vanquished.

Notes
Turn   | Place    | Note
-------+----------+-------------------------------------------
     0 | D:1      | qw the Gargoyle Hunter began the quest for the Orb.
     0 | D:1      | Reached XP level 1. HP: 12/12 MP: 1/1
     0 | D:1      | 0 ||| qw: Version: 0.3-a-76-g4403597
     0 | D:1      | 0 ||| qw: Game counter: 1104
     0 | D:1      | 0 ||| qw: Melee chars always use a shield: true
     0 | D:1      | 0 ||| qw: God list: Okawaru
     0 | D:1      | 0 ||| qw: Allow faded altars: false
     0 | D:1      | 0 ||| qw: Do Orc after clearing Dungeon:15 true
     0 | D:1      | 0 ||| qw: Do second Lair branch before Depths: true
     0 | D:1      | 0 ||| qw: Lair rune preference: random
     0 | D:1      | 0 ||| qw: Goals: Normal
     0 | D:1      | 0 ||| PLANNING D:1-11
   383 | D:1      | Reached XP level 2. HP: 17/17 MP: 2/2
   541 | D:1      | Found a faded altar of an unknown god.
   712 | D:1      | 712 ||| UPGRADING to +0 ring mail.
   722 | D:1      | 722 ||| DROPPING +0 leather armour.
   723 | D:1      | 723 ||| UPGRADING to +1 pair of gloves.
   728 | D:1      | 728 ||| READING 3 scrolls labelled ABLUUKHAASCH.
   729 | D:1      | 729 ||| READING scroll labelled ECECUY HEGUX.
   730 | D:1      | 730 ||| READING scroll labelled VUANWO HEAC.
   731 | D:1      | 731 ||| READING scroll labelled CYTZOC TINAIW.
   736 | D:1      | 736 ||| DROPPING 2 scrolls of vulnerability.
   737 | D:1      | 737 ||| DROPPING scroll of butterflies.
   827 | D:2      | Found a stormy altar of Qazlal.
   858 | D:2      | Reached skill level 1 in Armour
   858 | D:2      | Reached XP level 3. HP: 21/21 MP: 3/3
   880 | D:2      | 880 ||| FLEEEEING.
   899 | D:2      | HP: 5/21 [worm (8)]
  1166 | D:2      | Reached skill level 5 in Ranged Weapons
  1231 | D:2      | Reached XP level 4. HP: 27/27 MP: 4/4
  1466 | D:2      | Reached skill level 3 in Fighting
  1558 | D:2      | 1558 ||| READING scroll labelled JIMOUN CAUSHRABB.
  1559 | D:2      | 1559 ||| READING scroll labelled LOCSIA NYME.
  2434 | D:3      | 2434 ||| READING scroll labelled RUICIA PUKIE.
  2435 | D:3      | 2435 ||| READING scroll labelled HOGAXYHOIS.
  2436 | D:3      | 2436 ||| READING scroll labelled MOYT REJEMUOFA.
  2437 | D:3      | 2437 ||| READING scroll labelled LESOUL NYOBUXT.
  2513 | D:4      | Found a transporter.
  2513 | D:4      | Noticed qw's ghost (amateur GrHu)
  2586 | D:4      | Reached skill level 6 in Ranged Weapons
  2586 | D:4      | Reached XP level 5. HP: 31/32 MP: 5/5
  2613 | D:4      | HP: 1/33 [wight/+0 battleaxe (11)]
  2614 | D:4      | Slain by a wight

Levels and vault maps discovered:
D:1:      matt_arrival_refuge, layout_basic, dilly_ecumenical_altar_fadedgnrine,
          minmay_gold_behind_fungi
D:2:      kennysheep_big_flooded_room, layout_loops_ring, basic_altar,
          minmay_tromino_v7
D:3:      layout_rooms, serial_rivers, chequers_serial_rivers_large_a,
          chequers_serial_rivers_room_b, chequers_serial_rivers_room_a,
          chequers_serial_rivers_micro_a, chequers_serial_rivers_small_b,
          grunt_decor_cap, roderic_lattice_a
D:4:      layout_basic, minmay_temple_entry_tees, gammafunk_ghost_stat_death

Skill      XL: |  1  2  3  4 |
---------------+-------------+-----
Armour         | 1 |  1.7
Ranged Weapons | 5 6 |  6.0
Fighting       | 3 |  3.9
Dodging        | |  1.5
Stealth        | |  1.1

Action                     |  1- 3 |  4- 6 || total
---------------------------+-------+-------++-------
   Fire: Shortbow          |    94 |    88 ||   182
    Use: Scroll            |     4 |     6 ||    10
 Armour: Ring mail         |    24 |    14 ||    38
  Dodge: Dodged            |    29 |    16 ||    45

Table legend:
 A = Non-vault XP
 B = Vault XP
 C = Vault XP percentage of total XP
 D = Non-vault monster count
 E = Vault monster count
 F = Vault count percentage of total count
                 A         B        C        D         E       F
            +---------+---------+-------+---------+---------+-------
      Total |     262 |      51 |  16.3 |      51 |       6 |  10.5
            +---------+---------+-------+---------+---------+-------
        D:1 |      15 |       0 |   0.0 |       9 |       0 |   0.0
        D:2 |      41 |      51 |  55.4 |      17 |       6 |  26.1
        D:3 |      47 |       0 |   0.0 |      18 |       0 |   0.0
        D:4 |     159 |       0 |   0.0 |       7 |       0 |   0.0
            +---------+---------+-------+---------+---------+-------
